 Dungeon Crawl Stone Soup version 0.28-a0-850-g09de17f5b5 (webtiles) character file.

Game seed: 4544566431192158039

264 vurker the Skirmisher (level 5, -7/44 HPs)
             Began as a Palentonga Enchanter on Nov 13, 2021.
             Was an Elder of Ignis.
             Killed from afar by a white imp (8 damage)
             ... with a puff of frost
             ... on level 3 of the Dungeon.
             The game lasted 00:03:29 (3512 turns).

vurker the Skirmisher (Palentonga Enchanter)        Turns: 3512, Time: 00:03:30

Health: -7/44      AC: 11    Str: 13    XL:     5   Next: 98%
Magic:  8/8        EV:  9    Int: 15    God:    Ignis [****..]
Gold:   129        SH:  0    Dex: 10    Spells: 8/8 levels left

rFire   + . .      SeeInvis +   a - +1 dagger
rCold   . . .      Faith    .   (no shield)
rNeg    . . .      Spirit   .   g - +0 ring mail
rPois   .          Reflect  .   c - +0 helmet
rElec   .          Harm     .   (no cloak)
rCorr   .          Rampage  .   (no gloves)
Will    .....                   (no barding)
Stlth   +.........              f - amulet of magic regeneration
HPRegen 0.14/turn               h - +4 ring of protection
MPRegen 0.36/turn               (no ring)

@: no status effects
A: large, rugged brown scales 3, see invisible, deformed body, roll 1, armoured
tail
a: Rolling Charge, Renounce Religion, Sea of Fire, Foxfire Swarm, Rising Flame


You were on level 3 of the Dungeon.
You worshipped Ignis.
Ignis was greatly pleased with you.
You visited 1 branch of the dungeon, and saw 3 of its levels.

You collected 129 gold pieces.

Inventory:

Hand Weapons
 a - a +1 dagger (weapon)
Armour
 c - a +0 helmet (worn)
   (You took it off Robin on level 3 of the Dungeon)
 g - a +0 ring mail (worn)
   (You found it on level 1 of the Dungeon)
Jewellery
 f - an amulet of magic regeneration (around neck)
   (You found it on level 1 of the Dungeon)
 h - a +4 ring of protection (left hand)
   (You found it on level 2 of the Dungeon)
Scrolls
 b - a scroll of blinking {unknown}
 d - a scroll of amnesia {unknown}


   Skills:
 * Level 4.0 Fighting
 - Level 1.0 Short Blades
 + Level 2.2 Armour
 + Level 2.8 Dodging
 - Level 2.0 Stealth
 - Level 2.0 Spellcasting
 - Level 3.0 Hexes


You had 8 spell levels left.
You didn't know any spells.
Your spell library contained the following spells:

 Spells                   Type           Power      Damage    Failure   Level
 Ensorcelled Hibernation  Hex/Ice        12%        N/A       36%         2
 Confusing Touch          Hex            10%        N/A       38%         3
 Tukima's Dance           Hex            10%        N/A       38%         3
 Dazzling Flash           Conj/Hex       12%        N/A       58%         3


Dungeon Overview and Level Annotations

Branches:
Dungeon (3/15)

Altars:
Hepliaklqana
Ignis


Innate Abilities, Weirdness & Mutations

You are completely covered in rugged brown scales. (AC +3, +7% HP)
You have supernaturally acute eyesight. (SInv)
Armour fits poorly on your strangely shaped body.
You can roll at nearby foes to attack.
You have a long armoured tail.


Message History

The fire ignites! x17
You hit the white imp but do no damage.
The white imp hits you but does no damage.
You barely miss the white imp. The white imp gestures at you.
The puff of frost hits you but does no damage.
You barely miss the white imp. The white imp gestures at you.
The puff of frost hits you!
* * * LOW HITPOINT WARNING * * *
It was a potion of brilliance.
You feel clever all of a sudden. The white imp closely misses you.
It was a potion of lignification.
You turn into a tree.
Your +0 helmet melds into your body.
Your +0 ring mail melds into your body.
Your roots penetrate the ground.
The white imp hits you but does no damage.
You hit the white imp.
The white imp hits you but does no damage.
You hit the white imp but do no damage. The white imp gestures at you.
The puff of frost hits you.
* * * LOW HITPOINT WARNING * * *
You closely miss the white imp. The white imp gestures at you.
The puff of frost hits you!
* * * LOW HITPOINT WARNING * * *
It was a potion of cancellation.
Your magical effects are unravelling.
You feel magically purged.
You feel less wooden.
Your +0 helmet unmelds from your body.
Your +0 ring mail unmelds from your body.
You feel a little less clever now.
The white imp hits you but does no damage.
You hit the white imp but do no damage.
The white imp hits you but does no damage.
You closely miss the white imp.
The white imp hits you but does no damage.
You aren't carrying any items that you can evoke.
You hit the white imp but do no damage. The white imp gestures at you.
The puff of frost hits you.
* * * LOW HITPOINT WARNING * * *
Okay, then.
You barely miss the white imp.
The white imp sputters.
The white imp gestures at you. The puff of frost hits you!
You die...

...
#.#.#.....
...
#.#.○.○...
###....☼°...
#.....#°#.#.
#.#####○#
#.# #§# #†#
#☼# #.# #5#
#.#####@#
#°°.○☼○°#
#########


You could see a white imp.

Vanquished Creatures
  A black bear (D:3)
  2 orc wizards (D:3)
  Natasha (D:3)
  Robin (D:3)
  2 adders (D:3)
  3 orcs (D:3)
  4 bats
  3 endoplasms
  7 giant cockroaches
  14 goblins
  3 hobgoblins
  5 jackals (D:1)
  5 quokkas
  6 ball pythons
  2 frilled lizards
  3 kobolds
  7 rats
69 creatures vanquished.

Vanquished Creatures (others)
  14 foxfires (D:3)
14 creatures vanquished.

Grand Total: 83 creatures vanquished

Notes
Turn   | Place    | Note
-------+----------+-------------------------------------------
     0 | D:1      | vurker the Palentonga Enchanter began the quest for the
                  | Orb.
     0 | D:1      | Reached XP level 1. HP: 13/13 MP: 3/3
   249 | D:1      | Reached skill level 1 in Fighting
   265 | D:1      | Reached XP level 2. HP: 22/22 MP: 5/5
   917 | D:1      | Reached XP level 3. HP: 24/28 MP: 6/6
  1037 | D:1      | Found a faded altar of an unknown god.
  1055 | D:1      | Prayed at the altar of an unknown god.
  1055 | D:1      | Became a worshipper of Ignis, the Dying Flame
  1704 | D:2      | Reached skill level 2 in Fighting
  1704 | D:2      | Reached skill level 1 in Armour
  2716 | D:3      | Noticed a black bear
  2722 | D:3      | Killed a black bear
  2723 | D:3      | Reached skill level 3 in Fighting
  2723 | D:3      | Reached XP level 4. HP: 30/37 MP: 7/7
  2723 | D:3      | Reached XP level 5. HP: 36/43 MP: 8/8
  2847 | D:3      | Noticed Robin
  2899 | D:3      | Killed Robin
  3093 | D:3      | Found a hazy altar of Hepliaklqana.
  3424 | D:3      | Noticed Natasha
  3435 | D:3      | Killed Natasha
  3436 | D:3      | Reached skill level 4 in Fighting
  3511 | D:3      | HP: 1/44 [white imp/puff of frost (2)]
  3512 | D:3      | Killed from afar by a white imp

Illustrated notes

Levels and vault maps discovered:
D:1:      nicolae_arrival_memento_mori, layout_basic,
          shapermc_ecumenical_altar_ellora
D:2:      layout_basic
D:3:      layout_basic, lemuel_crystal_altar, lightli_corner_chamber,
          uniq_natasha, uniq_pargi, uniq_robin

Skill      XL: |  1  2  3  4  5 |
---------------+----------------+-----
Fighting       | 1 3 4 |  4.0
Dodging        | 2 |  2.8
Armour         | 1 2 |  2.2
Short Blades   | |  1.0
Stealth        | |  2.0
Spellcasting   | |  2.0
Hexes          | |  3.0

Action                   |  1- 3 |  4- 6 || total
-------------------------+-------+-------++-------
Melee: Dagger            |   192 |   136 ||   328
       Tailslap          |    11 |    10 ||    21
Invok: Foxfire Swarm     |     1 |       ||     1
       Sea of Fire       |       |     1 ||     1
  Use: Potion            |       |     4 ||     4
 Stab: Sleeping          |     2 |       ||     2
       Invisible         |       |     2 ||     2
Armor: Robe              |    40 |       ||    40
       Ring mail         |    51 |    71 ||   122
       Skin              |       |     2 ||     2
Dodge: Dodged            |    97 |    48 ||   145

Table legend: (Time is in decaauts)
 A = Elapsed time spent in this place.
 B = Non-inter-level travel time spent in this place.
 C = Inter-level travel time spent in this place.
 D = Time resting spent in this place.
 E = Time spent auto-exploring this place.
 F = Levels seen in this place.
 G = Mean time per level.
                   A        B        C        D        E       F      G
               +--------+--------+--------+--------+--------+-----+--------+
         Total |   3494 |   3362 |    132 |      0 |   2768 |   3 | 1164.7 |
       Dungeon |   3494 |   3362 |    132 |      0 |   2768 |   3 | 1164.7 |
               +--------+--------+--------+--------+--------+-----+--------+

Top non-repeatable levels by time:
     D:1: 1636 daAuts
     D:3: 951 daAuts
     D:2: 906 daAuts
